 Dungeon Crawl Stone Soup version 0.30-a0-585-g93115170b9 (webtiles) character file.

Game seed: 15049056967067619540

522 wormed the Shooter (level 6, -4/51 (52) HPs)
             Began as a Demigod Hunter on Jan 2, 2023.
             Shot with an arrow by a centaur (13 damage)
             ... on level 5 of the Dungeon.
             The game lasted 00:03:45 (2568 turns).

wormed the Shooter (Demigod Hunter)                 Turns: 2568, Time: 00:03:46

HP:   -4/51 (52)    AC:  5    Str: 12    XL:     6   Next: 70%
MP:   8/8           EV: 14    Int: 11    God:
Gold: 138           SH:  5    Dex: 25    Spells: 5/5 levels left

rFire   . . .      SeeInvis .    a - +0 shortbow
rCold   . . .      Faith    .    (shield currently unavailable)
rNeg    . . .      Spirit   .    q - +1 leather armour {Will+}
rPois   .          Reflect  +    o - +0 helmet
rElec   .          Harm     .    (no cloak)
rCorr   .          Rampage  .    (no gloves)
Will    +....                    (no boots)
Stlth   ++                       g - amulet of reflection
HPRegen 0.28/turn                (no ring)
MPRegen 0.11/turn                (no ring)

@: lightly drained
A: high MP 1, forlorn, divine attributes
a: no special abilities


You were on level 5 of the Dungeon.
You visited 1 branch of the dungeon, and saw 5 of its levels.

You collected 138 gold pieces.

Inventory:

Hand Weapons
 a - a +0 shortbow (weapon)
Armour
 o - a +0 helmet (worn)
 q - a +1 leather armour of willpower (worn)
Jewellery
 g - an amulet of reflection (around neck)
Scrolls
 b - a scroll of immolation
 c - a scroll of noise {unknown}
 d - 2 scrolls of identify
 m - a scroll of vulnerability
Potions
 f - a potion of mutation
 h - 2 potions of berserk rage {unknown}
 j - 2 potions of flight {unknown}
 k - 2 potions of haste {unknown}
 l - 2 potions of heal wounds {unknown}
 n - a potion of magic {unknown}
 p - a potion of degeneration {unknown}


   Skills:
 + Level 3.7 Fighting
 * Level 6.0 Ranged Weapons
 + Level 3.7 Dodging
 - Level 0.8 Stealth


You had 5 spell levels left.
You didn't know any spells.
Your spell library was empty.

Dungeon Overview and Level Annotations

Branches:
Dungeon (5/15)             Temple (0/1) D:4

Shops:
D:4 *

Annotations:
D:5 Prince Ribbit


Innate Abilities, Weirdness & Mutations

You have an increased reservoir of magic. (+10% MP)
You shall have no god before yourself.
Your divine heritage dramatically boosts your attributes as you level up.


Message History

The hound misses you. The hound closely misses you.
Fire: a) +0 shortbow
Press: ? - help, Q - select action Shift-Dir - straight line, f/p - hound
Aim: a hound (moderately wounded, 60% to hit)
You shoot an arrow. The arrow hits the hound!
The hound is almost dead.
The hound bites you. x2
Fire: a) +0 shortbow
Press: ? - help, Q - select action Shift-Dir - straight line, f/p - hound
Aim: a hound (almost dead, 60% to hit)
You shoot an arrow. The arrow closely misses the hound.
The hound bites you.
Fire: a) +0 shortbow
Press: ? - help, Q - select action Shift-Dir - straight line, f/p - hound
Aim: a hound (almost dead, 60% to hit)
You shoot an arrow. The arrow barely misses the hound.
You block the hound's attack. The hound closely misses you.
Fire: a) +0 shortbow
Press: ? - help, Q - select action Shift-Dir - straight line, f/p - hound
Aim: a hound (almost dead, 60% to hit)
You shoot an arrow. The arrow hits the hound!
You kill the hound!
The water moccasin misses you.
Fire: a) +0 shortbow
Press: ? - help, Q - select action Shift-Dir - straight line, f - water moccasin
Aim: a water moccasin (54% to hit)
Okay, then.
As you read the scroll of fear, it crumbles to dust.
You assume a fearsome visage.
The water moccasin looks frightened!
The centaur shouts!
The centaur wields a +0 shortbow.
The centaur shoots an arrow.
The arrow hits you!
* * * LOW HITPOINT WARNING * * *
As you read the scroll of fog, it crumbles to dust.
The scroll dissolves into smoke.
The centaur shoots an arrow.
The arrow barely misses you.
As you read the scroll of immolation, it crumbles to dust.
The creatures around you are filled with an inner flame!
The centaur shoots an arrow.
The arrow hits you!
You die...

.>.#.##c.######
... #..#
#.##..# #.#
#.....#
....S####§##
#...§§§§#####
#..###§§c§§.# #
#§§§§§.#
#####@.#
#.......#
...###### .#...
#.#.### # ###


You could see a centaur (inner flame).

Vanquished Creatures
  Sigmund (D:4)
  A kobold brigand (D:4)
  A scorpion (D:4)
  2 hounds
  An orc priest (D:3)
  An orc wizard (D:4)
  4 adders
  4 dart slugs
  2 worms
  7 orcs
  11 endoplasms
  3 giant cockroaches
  5 goblins
  6 hobgoblins
  4 quokkas
  6 ball pythons
  5 bats
  2 frilled lizards
  5 kobolds
  4 rats
75 creatures vanquished.

Notes
Turn   | Place    | Note
-------+----------+-------------------------------------------
     0 | D:1      | wormed the Demigod Hunter began the quest for the Orb.
     0 | D:1      | Reached XP level 1. HP: 17/17 MP: 3/3
    94 | D:1      | Reached XP level 2. HP: 24/24 MP: 4/4
   166 | D:1      | Reached skill level 4 in Ranged Weapons
   566 | D:2      | Reached XP level 3. HP: 29/29 MP: 5/5
   897 | D:2      | Reached XP level 4. HP: 37/37 MP: 6/6
  2088 | D:4      | Found a staircase to the Ecumenical Temple.
  2105 | D:4      | Found Ytipecyw's Assorted Antiques.
  2122 | D:4      | Reached skill level 5 in Ranged Weapons
  2122 | D:4      | Reached XP level 5. HP: 45/45 MP: 7/7
  2213 | D:4      | Noticed Sigmund
  2218 | D:4      | Killed Sigmund
  2219 | D:4      | Reached XP level 6. HP: 51/51 MP: 8/8
  2483 | D:4      | Reached skill level 6 in Ranged Weapons
  2536 | D:5      | Entered Level 5 of the Dungeon
  2536 | D:5      | Noticed a water moccasin
  2554 | D:5      | Noticed Prince Ribbit
  2568 | D:5      | Shot with an arrow by a centaur

Illustrated notes

Levels and vault maps discovered:
D:1:      ebering_trefoil_twist, layout_rooms
D:2:      minmay_chambers_of_ones, layout_basic, basic_altar
D:3:      layout_basic
D:4:      layout_rooms, temple_hall, serial_corexii_hall,
          corexii_hall_statues_i, corexii_hall_statues_x, serial_shops, shop,
          uniq_sigmund
D:5:      layout_basic, gammafunk_temple_overflow_wave,
          nicolae_nh_ransacked_shop, uniq_prince_ribbit1

Skill      XL: |  1  2  3  4  5  6 |
---------------+-------------------+-----
Fighting       | 2 3 |  3.7
Dodging        | 2 3 |  3.7
Ranged Weapons | 4 5 6 |  6.0
Stealth        | |  0.8

Action                   |  1- 3 |  4- 6 || total
-------------------------+-------+-------++-------
 Fire: Shortbow          |   101 |   141 ||   242
  Use: Scroll            |       |     7 ||     7
Armor: Leather armour    |    10 |    13 ||    23
Dodge: Dodged            |    17 |    44 ||    61
Block: Other             |     1 |    13 ||    14
       Reflection        |       |     2 ||     2

Table legend: (Time is in decaauts)
 A = Elapsed time spent in this place.
 B = Non-inter-level travel time spent in this place.
 C = Inter-level travel time spent in this place.
 D = Time resting spent in this place.
 E = Time spent auto-exploring this place.
 F = Levels seen in this place.
 G = Mean time per level.
                   A        B        C        D        E       F      G
               +--------+--------+--------+--------+--------+-----+--------+
         Total |   2641 |   2533 |    108 |      7 |   1988 |   5 |  528.2 |
       Dungeon |   2641 |   2533 |    108 |      7 |   1988 |   5 |  528.2 |
               +--------+--------+--------+--------+--------+-----+--------+

Top non-repeatable levels by time:
     D:3: 894 daAuts
     D:2: 667 daAuts
     D:1: 539 daAuts
     D:4: 506 daAuts
     D:5: 33 daAuts
